 Dungeon Crawl Stone Soup version 0.32-a0-886-g41c5271027 (webtiles) character file.

Game seed: 5149155452456442219

211 Lanoc the Shooter (level 5, 0/41 HPs)
             Began as a Coglin Hunter on Apr 2, 2024.
             Killed from afar by an orc wizard (7 damage)
             ... with a magic dart
             ... on level 3 of the Dungeon.
             The game lasted 00:03:04 (2115 turns).

Lanoc the Shooter (Coglin Hunter)                   Turns: 2115, Time: 00:03:04

Health: 0/41       AC:  4    Str: 12    XL:     5   Next: 88%
Magic:  5/5        EV: 12    Int:  8    God:
Gold:   135        SH:  0    Dex: 19    Spells: 4/4 levels left

rFire   . . .        a - +2 sling {Oskar}
rCold   . . .        d - +0 sling {Io}
rNeg    . . .        c - +0 leather armour
rPois   .            (no helmet)
rElec   .            n - +0 cloak
rCorr   .            (no gloves)
SInv    .            (no boots)
Will    .....        (amulet unavailable)
Stlth   +            (ring unavailable)
HPRegen 0.26/turn    (ring unavailable)
MPRegen 0.09/turn    (no gizmo)

%: no passive effects
@: confused, revved
A: off-hand wielding, slow wielding, warmup strikes, no jewellery
a: Invent Gizmo


You were on level 3 of the Dungeon.
You visited 1 branch of the dungeon, and saw 4 of its levels.

You collected 135 gold pieces.

Inventory:

Hand Weapons
 a - a +2 sling (weapon) {Oskar}
 d - a +0 sling (offhand) {Io}
Armour
 c - a +0 leather armour (worn)
 n - a +0 cloak (worn)
Wands
 m - a wand of acid (12)
Scrolls
 b - a scroll of butterflies
 e - a scroll of vulnerability {unknown}
 f - a scroll of revelation {unknown}
 g - a scroll of blinking {unknown}
 h - a scroll of acquirement {unknown}
 i - a scroll of identify {unknown}
 j - a scroll of fog {unknown}
Potions
 k - a potion of berserk rage {unknown}


   Skills:
 + Level 3.3 Fighting
 * Level 5.1 Ranged Weapons
 + Level 3.0 Dodging
 - Level 0.7 Stealth


You had 4 spell levels left.
You didn't know any spells.
Your spell library contained the following spells:

 Spells                   Type           Power      Damage    Failure   Level
 Magic Dart               Conj           0%         1d3       50%         1
 Blink                    Tloc           0%         N/A       63%         2
 Call Imp                 Summ           0%         N/A       63%         2


Dungeon Overview and Level Annotations

Branches:
Dungeon (4/15)
 Temple: D:4-7

Altars:
Sif Muna
Wu Jian


Innate Abilities, Weirdness & Mutations

You can wield a second weapon in your off-hand.
It takes a long time for you to wield or remove held weapons.
Your first few attacks do less damage.
You cannot equip rings or amulets.


Message History

You are confused.
You feel better. The orc hits you but does no damage.
The orc hits you with a +0 dagger.
You hear some strange, mumbled words.
A puff of flame appears from out of thin air!
The puff of flame hits you.
Fire: a) +2 sling {Oskar}
Press: ? - help, Q - select action, (/) - cycle Shift-Dir - straight line, f - orc
Aim: an orc, wielding a +0 flail and wearing a +0 ring mail (heavily wounded, 68% to hit)
You shoot a sling bullet.
The sling bullet hits the orc but does no damage.
The orc is heavily wounded.
You shoot a sling bullet.
The sling bullet closely misses the orc.
The orc hits you with a +0 flail.
* * * LOW HITPOINT WARNING * * *
The orc hits you but does no damage. Something hits you but does no damage.
Fire: a) +2 sling {Oskar}
Press: ? - help, Q - select action, (/) - cycle Shift-Dir - straight line, f/p - orc
Aim: an orc, wielding a +0 flail and wearing a +0 ring mail (moderately wounded, 68% to hit)
You shoot a sling bullet. The sling bullet hits the orc.
You kill the orc!
You shoot a sling bullet. The orc closely misses you.
Something hits you but does no damage. The orc barely misses you.
You hear some strange, mumbled words.
A magic dart appears from out of thin air!
The magic dart hits you.
* * * LOW HITPOINT WARNING * * *
The orc hits you but does no damage.
You hear some strange, mumbled words.
You are confused.
Things that are here:
a +0 flail; a +0 ring mail You clumsily bash the orc but do no damage. x2
The orc barely misses you.
You hear some strange, mumbled words.
A magic dart appears from out of thin air!
The magic dart hits you!
You die...

#.# #.### #............. #.#
#...### #......##..... #.#
###...# #............. #.# ###.#
#.......#..... #.# #.#
#......##..... #.# #.###
#......##.....
#.##########...#####......##...##
......##...###...#...)....##...#
......##...#####@#.###.#########
...............{>o.# #..#
.......#...######### ##.#
##...#.##### #.# #...#.#
###########.# #†..#)#
§§≈≈.....##.# #...#.##
)#≈≈≈....##.# #...#..#
)..≈≈._...'.# ##.).#..#
#)#§≈≈....####


You could see an orc.

Vanquished Creatures
  Crazy Yiuf (D:3)
  Ijyb (D:3)
  An orc wizard (D:4)
  Robin (D:2)
  4 adders
  A dart slug (D:2)
  A ribbon worm (D:2)
  3 orcs
  4 ball pythons
  5 bats
  4 endoplasms
  4 giant cockroaches
  21 goblins
  9 hobgoblins
  4 jackals (D:3)
  2 kobolds
  2 quokkas (D:2)
  2 frilled lizards
  3 rats
73 creatures vanquished.

Vanquished Creatures (others)
  A bat (D:2)
1 creature vanquished.

Grand Total: 74 creatures vanquished

Notes
Turn   | Place    | Note
-------+----------+-------------------------------------------
     0 | D:1      | Lanoc the Coglin Hunter began the quest for the Orb.
     0 | D:1      | Reached XP level 1. HP: 16/16 MP: 1/1
   238 | D:1      | Reached XP level 2. HP: 22/22 MP: 2/2
   748 | D:2      | Reached skill level 4 in Ranged Weapons
   748 | D:2      | Reached XP level 3. HP: 28/28 MP: 3/3
   782 | D:2      | Noticed Robin
   788 | D:2      | Killed Robin
   845 | D:2      | Reached XP level 4. HP: 34/34 MP: 4/4
   846 | D:2      | Found a faded altar of an unknown god.
  1791 | D:3      | Found a runed translucent door.
  1792 | D:3      | Noticed Crazy Yiuf
  1873 | D:3      | Noticed Ijyb
  1881 | D:3      | Killed Ijyb
  1882 | D:3      | Reached XP level 5. HP: 41/41 MP: 5/5
  1957 | D:3      | Found an ornate altar of the Wu Jian Council.
  2001 | D:3      | Killed Crazy Yiuf
  2002 | D:3      | Reached skill level 5 in Ranged Weapons
  2051 | D:4      | Found a shimmering blue altar of Sif Muna.
  2115 | D:3      | Killed from afar by an orc wizard

Illustrated notes

Levels and vault maps discovered:
D:1:      dpeg_arrival_stonehenge_8_columns, layout_basic, columned_hall_lemuel
D:2:      layout_basic, ebering_ecumenical_altar_ruins, dreamdust_wishing_well,
          kennysheep_generic_room_10, uniq_robin
D:3:      kennysheep_the_goblin_king, layout_basic,
          nicolae_wu_jian_glorious_leap, uniq_crazy_yiuf_cottage
D:4:      layout_cave_pools, grunt_temple_overflow_open

Skill      XL: |  1  2  3  4  5 |
---------------+----------------+-----
Dodging        | 2 3 |  3.0
Ranged Weapons | 4 5 |  5.1
Fighting       | 3 |  3.3
Stealth        | |  0.7

Action                     |  1- 3 |  4- 6 || total
---------------------------+-------+-------++-------
  Melee: Sling             |       |     2 ||     2
   Fire: Sling             |    98 |   196 ||   294
    Use: Potion            |       |     2 ||     2
 Armour: Leather armour    |     7 |    43 ||    50
  Dodge: Dodged            |    12 |    41 ||    53

Table legend: (Time is in decaauts)
 A = Elapsed time spent in this place.
 B = Non-inter-level travel time spent in this place.
 C = Inter-level travel time spent in this place.
 D = Time resting spent in this place.
 E = Time spent auto-exploring this place.
 F = Levels seen in this place.
 G = Mean time per level.
                   A        B        C        D        E       F      G
               +--------+--------+--------+--------+--------+-----+--------+
         Total |   2147 |   2006 |    141 |      0 |   1694 |   4 |  536.8 |
       Dungeon |   2147 |   2006 |    141 |      0 |   1694 |   4 |  536.8 |
               +--------+--------+--------+--------+--------+-----+--------+

Top non-repeatable levels by time:
     D:1: 749 daAuts
     D:3: 694 daAuts
     D:2: 685 daAuts
     D:4: 17 daAuts
